 Dungeon Crawl Stone Soup version 0.27.0-1-g7a089689b8 (webtiles) character file.

Game seed: 3929000476742148864

28113 bnorton916 the Thaumaturge (level 13, -1/76 HPs)
             Began as a Deep Elf Conjurer on Aug 2, 2021.
             Was an Elder of Vehumet.
             Slain by a seven-headed hydra (10 damage)
             ... on level 5 of the Lair of Beasts on Aug 3, 2021.
             The game lasted 01:08:41 (30041 turns).

bnorton916 the Thaumaturge (Deep Elf Conjurer)     Turns: 30041, Time: 01:08:42

Health: -1/76      AC:  7    Str:  6    XL:     13   Next: 8%
Magic:  27/31      EV: 15    Int: 27    God:    Vehumet [****..]
Gold:   765        SH:  0    Dex: 13    Spells: 2/36 levels left

rFire    . . .     SeeInvis .   Y - +10 dagger of Crusades {holy, rCorr}
rCold    + . .     Faith    +   (no shield)
rNeg     . . .     Spirit   .   r - +2 robe {Will+}
rPois    .         Reflect  .   P - +1 helmet
rElec    .         Harm     .   E - +0 cloak
rCorr    +         Rampage  .   (no gloves)
Will     +++..                  (no boots)
Stlth    ++++......             y - amulet of faith
HPRegen  0.22/turn              u - ring of willpower
MPRegen  0.22/turn              R - ring of protection from cold

@: no status effects
A: no striking features
a: Renounce Religion


You were on level 5 of the Lair of Beasts.
You worshipped Vehumet.
Vehumet was greatly pleased with you.
You visited 3 branches of the dungeon, and saw 16 of its levels.
You also visited: Ice Cave.

You collected 929 gold pieces.
You spent 164 gold pieces at shops.

Inventory:

Hand Weapons
 l - a +2 dagger of freezing
 m - a +3 dagger of pain
 C - a +4 hand axe
 M - a +1 dagger of venom
 V - a +0 triple crossbow of freezing
 W - a +1 halberd of flaming
 Y - the +10 dagger of Crusades (weapon) {holy, rCorr}
   (You found it on level 4 of the Lair of Beasts)

   It has been blessed by the Shining One to cause great damage to the undead
   and demons.
   rCorr:     It protects you from acid and corrosion.
Missiles
 b - 8 silver javelins
 c - 76 poisoned darts
 e - 386 stones
 D - 4 throwing nets
Armour
 r - a +2 robe of willpower (worn)
 E - a +0 cloak (worn)
 P - a +1 helmet (worn)
 X - a +0 buckler
Magical Staves
 d - a staff of death
Jewellery
 p - a ring of willpower
 u - a ring of willpower (left hand)
 v - a +6 ring of strength
 y - an amulet of faith (around neck)
 G - an amulet of the acrobat
 H - a ring of ice
 L - the ring of Peywymot {Fire Int+4 Stlth+}
   (You found it on level 4 of the Lair of Beasts)

   [ring of fire]

   It enhances your fire magic.
   Int:       It affects your intelligence (+4).
   rF:        It protects you from fire.
   rC:        It makes you vulnerable to cold.
   Stlth:     It makes you more stealthy.
 N - a ring of poison resistance
 R - a ring of protection from cold (right hand)
 U - a ring of positive energy
Wands
 q - a wand of digging (2)
 s - a wand of acid (4)
 t - a wand of flame (16)
 A - a wand of polymorph (30)
 I - a wand of paralysis (4)
Scrolls
 a - 2 scrolls of noise
 g - a scroll of acquirement {unknown}
 i - a scroll of teleportation
 o - a scroll of blinking {unknown}
 w - a scroll of fog {unknown}
 x - 4 scrolls of amnesia {unknown}
 z - 4 scrolls of enchant weapon
 F - 4 scrolls of torment
 K - a scroll of silence {unknown}
 T - a scroll of magic mapping
Potions
 f - 2 potions of lignification
 h - 2 potions of resistance
 k - 8 potions of curing
 n - a potion of heal wounds
 B - a potion of invisibility
 J - a potion of haste
 O - a potion of ambrosia
 Q - a potion of flight
 S - 2 potions of brilliance
 Z - a potion of mutation


   Skills:
 - Level 6.8 Fighting
 - Level 7.5 Dodging
 - Level 9.0 Stealth
 + Level 12.2 Spellcasting
 + Level 11.0 Conjurations
 - Level 6.3 Hexes
 - Level 4.1 Summonings
 - Level 3.2 Necromancy
 - Level 5.2 Translocations
 + Level 4.7 Fire Magic
 + Level 7.2 Ice Magic
 - Level 7.0 Air Magic


You had 2 spell levels left.
You knew the following spells:

 Your Spells              Type           Power      Damage    Failure   Level
a - Magic Dart            Conj           100%       1d8       1%          1
b - Searing Ray           Conj           100%       3d7       1%          2
c - Fulminant Prism       Conj/Hex       29%        3d14      1%          4
d - Iskenderun's Mystic   Conj/Tloc      57%        2d12      1%          4
e - Passwall              Tmut/Erth      13%        N/A       5%          2
f - Swiftness             Air            53%        N/A       1%          3
g - Lightning Bolt        Conj/Air       30%        1d47      1%          5
h - Summon Lightning Spi  Summ/Air       46%        N/A       3%          4
i - Frozen Ramparts       Ice            100%       1d12      1%          3
j - Foxfire               Conj/Fire      100%       2x1d9     1%          1
k - Fireball              Conj/Fire      28%        3d12      1%          5

Your spell library contained the following spells:

 Spells                   Type           Power      Damage    Failure   Level
 Stone Arrow              Conj/Erth      92%        3d12      1%          3
 Animate Skeleton         Necr           66%        N/A       1%          1
 Apportation              Tloc           88%        N/A       1%          1
 Corona                   Hex            55%        N/A       1%          1
 Pain                     Necr           100%       1d9       1%          1
 Shock                    Conj/Air       100%       1d9       1%          1
 Summon Small Mammal      Summ           100%       N/A       1%          1
 Blink                    Tloc           N/A        N/A       1%          2
 Corpse Rot               Necr/Air       N/A        N/A       1%          2
 Poisonous Vapours        Pois/Air       70%        N/A       1%          2
 Beastly Appendage        Tmut           32%        N/A       3%          1
 Wereblood                Tmut           16%        N/A       5%          2
 Conjure Flame            Conj/Fire      56%        6-21      1%          3
 Dazzling Flash           Conj/Hex       100%       N/A       1%          3
 Ignite Poison            Fire/Tmut/Pois 25%        N/A       1%          3
 Lesser Beckoning         Tloc           22%        N/A       1%          3
 Ozocubu's Armour         Ice            53%        N/A       1%          3
 Airstrike                Air            26%        N/A       1%          4
 Sticky Flame             Conj/Fire      56%        2d7       1%          4
 Freezing Cloud           Conj/Ice/Air   29%        6-21      1%          5
 Summon Ice Beast         Ice/Summ       47%        N/A       3%          4
 Starburst                Conj/Fire      28%        8x6d9     5%          6
 Ice Form                 Ice/Tmut       36%        N/A       8%          4
 Spider Form              Tmut/Pois      8%         N/A       11%         3
 Manifold Assault         Tloc           44%        N/A       11%         5
 Agony                    Necr           33%        N/A       26%         5
 Excruciating Wounds      Necr           16%        N/A       26%         5
 Invisibility             Hex            25%        N/A       36%         6
 Ozocubu's Refrigeration  Ice            26%        4d10      36%         7
 Ignition                 Fire           21%        3d8       99%         8


Dungeon Overview and Level Annotations

Branches:
Dungeon (10/15)            Temple (1/1) D:6            Lair (5/6) D:10
 Shoals (0/4) Lair:3       Spider (0/4) Lair:2        IceCv (visited)
  Slime: Lair:5-6       Orc: D:9-12

Altars:
Dithmenos
Elyvilon
Fedhas
Kikubaaqudgha
Makhleb
Nemelex Xobeh
Qazlal
Ru
Uskayaw
Vehumet
Wu Jian
Xom
Yredelemnul
Zin

Shops:
D:5 :   D:6 ?[!


Message History

You hear a mighty clap of thunder!
The bolt of lightning hits the death yak!!
You kill the death yak!
Vehumet accepts your kill.
You feel your power returning.
The death yak gores the bush!
You climb upwards.
There is a stone staircase leading down here.
You start resting.
HP restored.
You start resting.
Magic restored.
You start waiting.
Done waiting.
You climb downwards.
A black mamba and a hydra come into view.
The seven-headed hydra bites you but does no damage.
The seven-headed hydra bites you. x2; The seven-headed hydra bites you!
The seven-headed hydra closely misses you.
The seven-headed hydra bites you.
The seven-headed hydra bites you but does no damage.
The seven-headed hydra bites you. The seven-headed hydra bites you! x2
The seven-headed hydra closely misses you.
The seven-headed hydra bites you but does no damage.
The seven-headed hydra bites you!
* * * LOW HITPOINT WARNING * * *
The seven-headed hydra bites you.
* * * LOW HITPOINT WARNING * * *
There is a stone staircase leading up, spattered with blood here.
Casting: Lightning Bolt (dangerous; 1% risk of failure)
Confirm with . or Enter, or press ? or * to list all spells.
You erupt in a blast of force!
The mystic blast hits the seven-headed hydra!
The seven-headed hydra is lightly wounded.
The black mamba hisses angrily.
The seven-headed hydra closely misses you.
The seven-headed hydra bites you.
* * * LOW HITPOINT WARNING * * *
The seven-headed hydra bites you!
You die...

#. #......##
#.. .......#
#..##.....##
.#.YP.......##
............P#
#....Y......##
#......†..#..#
.............#
.......S.D@.#.#
...........## #
##.........#
#P.........#
......[.....
#...........
..........#
........##


You could see 2 death yaks, a seven-headed hydra and a black mamba.

Vanquished Creatures
  Gastronok (D:9)
  A hydra (Lair:2)
  Erolcha (D:10)
  Erica (D:9)
  4 death yaks
  Nergalle (Lair:1)
  An ugly thing (IceCv)
  7 elephants
  3 black mambas (Lair:4)
  An ice statue (IceCv)
  5 cane toads
  A freezing wraith (IceCv)
  6 komodo dragons
  2 rime drakes (Lair:4)
  A polar bear (Lair:3)
  6 blink frogs
  A snapping turtle (Lair:3)
  Sigmund (D:2)
  A redback (Lair:2)
  2 wraiths (D:10)
  22 yaks
  7 wyverns
  A vampire mosquito (D:10)
  3 basilisks
  A death yak simulacrum (Lair:4)
  13 water moccasins
  An ice beast (D:8)
  4 black bears
  A hornet zombie (D:8)
  6 wolves
  A necrophage (D:4)
  7 centaurs
  2 kobold brigands
  A wyvern zombie (D:5)
  15 bullfrogs
  A cane toad simulacrum (Lair:4)
  A water moccasin zombie (D:5)
  3 scorpions (D:6)
  A wyvern skeleton (D:7)
  4 elephant simulacra (IceCv)
  6 wights
  5 electric eels
  A howler monkey (D:4)
  3 centaur zombies
  A gnoll shaman (D:5)
  2 jellies
  A hound (D:4)
  4 orc priests
  An iguana (D:4)
  7 orc wizards
  A polar bear simulacrum (Lair:4)
  A wolf simulacrum (IceCv)
  2 hound zombies (D:5)
  Robin (D:3)
  A howler monkey zombie (D:6)
  7 gnolls
  A howler monkey skeleton (D:7)
  7 adders
  A white imp (D:7)
  An adder skeleton (D:4)
  3 worms
  A dart slug (D:2)
  21 orcs
  7 endoplasms
  9 giant cockroaches
  12 goblins
  9 hobgoblins
  19 jackals
  4 quokkas
  7 ball pythons
  6 bats
  3 frilled lizards
  12 kobolds
  12 rats
321 creatures vanquished.

Vanquished Creatures (collateral kills)
  An ice statue (IceCv)
  A komodo dragon (Lair:2)
  2 blink frogs (Lair:2)
  9 yaks
  2 wolves (Lair:4)
  A bullfrog (Lair:1)
16 creatures vanquished.

Vanquished Creatures (others)
  3 foxfires (Lair:4)
  80 fulminant prisms
  53 fungi
  59 plants
195 creatures vanquished.

Grand Total: 532 creatures vanquished

Notes
Turn   | Place    | Note
-------+----------+-------------------------------------------
     0 | D:1      | bnorton916 the Deep Elf Conjurer began the quest for the
                  | Orb.
     0 | D:1      | Reached XP level 1. HP: 10/10 MP: 6/6
   244 | D:1      | Reached XP level 2. HP: 15/15 MP: 4/8
   655 | D:1      | Found a faded altar of an unknown god.
   786 | D:1      | Reached skill level 4 in Spellcasting
   944 | D:1      | Reached skill level 5 in Conjurations
   944 | D:1      | Reached XP level 3. HP: 19/19 MP: 8/10
   956 | D:1      | Learned a level 2 spell: Searing Ray
  1463 | D:2      | Noticed Sigmund
  2249 | D:2      | Reached XP level 4. HP: 24/24 MP: 9/12
  2652 | D:3      | Reached skill level 5 in Spellcasting
  3403 | D:3      | HP: 1/24 [orc wizard/puff of flame (12)]
  3405 | D:3      | Reached XP level 5. HP: 1/28 MP: 5/15
  4232 | D:3      | Noticed Robin
  4326 | D:3      | Reached skill level 6 in Spellcasting
  4330 | D:3      | Killed Robin
  4808 | D:4      | Learned a level 4 spell: Fulminant Prism
  4813 | D:4      | Learned a level 4 spell: Iskenderun's Mystic Blast
  4893 | D:4      | Reached XP level 6. HP: 32/32 MP: 13/17
  5298 | D:4      | Reached skill level 1 in Hexes
  5347 | D:4      | Reached skill level 1 in Translocations
  5929 | D:5      | Entered Level 5 of the Dungeon
  6054 | D:5      | Reached XP level 7. HP: 35/36 MP: 11/19
  6119 | D:5      | Reached skill level 7 in Spellcasting
  6850 | D:5      | Found Duikh's Self-Improvement Boutique.
  7134 | D:6      | Reached XP level 8. HP: 30/41 MP: 11/21
  7322 | D:6      | Found Jaecint's Distillery.
  7331 | D:6      | Reached skill level 8 in Spellcasting
  7333 | D:6      | Bought a potion of curing for 36 gold pieces
  7333 | D:6      | Bought a potion of degeneration for 12 gold pieces
  7353 | D:6      | Found a staircase to the Ecumenical Temple.
  7361 | Temple   | Entered the Ecumenical Temple
  7406 | Temple   | Became a worshipper of Vehumet
  7782 | D:6      | Reached skill level 5 in Hexes
  8949 | D:6      | Found Saletesch's Antique Armour Boutique.
  8957 | D:6      | Bought a cloak for 90 gold pieces
  9135 | D:6      | Found Fuchaor's Magic Scroll Shop.
  9147 | D:6      | Bought a scroll of identify for 26 gold pieces
  9579 | D:2      | Killed Sigmund
  9822 | D:7      | Reached skill level 9 in Spellcasting
  9822 | D:7      | Reached skill level 5 in Translocations
  9967 | D:7      | Got the Disquisition on Feathers and the Arsonist
 10052 | D:7      | Reached XP level 9. HP: 46/46 MP: 17/24
 10140 | D:7      | Learned a level 2 spell: Passwall
 10144 | D:7      | Learned a level 3 spell: Swiftness
 10431 | D:7      | Found a blossoming altar of Fedhas.
 10532 | D:8      | Reached skill level 1 in Fighting
 10746 | D:8      | Reached skill level 1 in Air Magic
 11094 | D:8      | Reached * piety under Vehumet
 11094 | D:8      | Offered knowledge of Shock by Vehumet.
 11816 | D:9      | Noticed Gastronok
 12854 | D:9      | Killed Gastronok
 12855 | D:9      | Reached skill level 5 in Air Magic
 12855 | D:9      | Reached XP level 10. HP: 30/57 MP: 4/25
 13058 | D:9      | Noticed Erica
 13067 | D:9      | Killed Erica
 13567 | D:9      | Learned a level 5 spell: Lightning Bolt
 14083 | D:10     | Entered Level 10 of the Dungeon
 14090 | D:10     | Reached skill level 5 in Fighting
 14914 | D:10     | Noticed Erolcha
 15102 | D:9      | Learned a level 4 spell: Summon Lightning Spire
 15106 | D:10     | Killed Erolcha
 15336 | D:10     | Reached ** piety under Vehumet
 15336 | D:10     | Offered knowledge of Poisonous Vapours by Vehumet.
 15486 | D:10     | Found a staircase to the Lair.
 15793 | Lair:1   | Entered Level 1 of the Lair of Beasts
 15823 | D:10     | Reached XP level 11. HP: 14/66 MP: 10/26
 17123 | Lair:1   | Reached skill level 1 in Necromancy
 17429 | Lair:1   | Noticed Nergalle
 17442 | Lair:1   | Killed Nergalle
 18048 | Lair:2   | Found a hole to the Spider Nest.
 18067 | Lair:2   | Noticed a four-headed hydra
 18319 | Lair:2   | Reached skill level 5 in Stealth
 18320 | Lair:2   | Killed a four-headed hydra
 18485 | Lair:2   | Offered knowledge of Frozen Ramparts by Vehumet.
 18781 | Lair:2   | Learned a level 3 spell: Frozen Ramparts
 19113 | Lair:2   | Reached skill level 1 in Ice Magic
 19116 | Lair:2   | Reached *** piety under Vehumet
 20548 | Lair:3   | Reached skill level 10 in Spellcasting
 20548 | Lair:3   | Reached XP level 12. HP: 53/71 MP: 18/28
 20753 | Lair:3   | Found a stormy altar of Qazlal.
 21606 | Lair:3   | Offered knowledge of Olgreb's Toxic Radiance by Vehumet.
 22384 | Lair:3   | Found a staircase to the Shoals.
 23272 | Lair:4   | Identified the ring of Peywymot {Fire Int+4 Stlth+}
 23304 | Lair:4   | Found a frozen archway.
 23369 | IceCv    | Entered an ice cave
 23658 | IceCv    | Learned a level 1 spell: Foxfire
 23863 | IceCv    | Found a transporter.
 23881 | IceCv    | Found a transporter.
 24026 | IceCv    | Reached skill level 5 in Ice Magic
 24580 | IceCv    | Reached skill level 11 in Spellcasting
 24580 | IceCv    | Reached skill level 10 in Conjurations
 24691 | Lair:4   | Identified the +10 dagger of Crusades {holy, rCorr}
 24714 | Lair:4   | Reached **** piety under Vehumet
 25037 | Lair:4   | Reached skill level 1 in Fire Magic
 25563 | Lair:4   | Offered knowledge of Stone Arrow by Vehumet.
 26560 | Lair:4   | Found the +8 whip "Snakebite" {venom, curare, rPois}
 26691 | Lair:5   | Noticed a death yak
 26691 | Lair:5   | Noticed a death yak
 26691 | Lair:5   | Noticed a death yak
 26944 | Lair:4   | Killed a death yak
 27719 | Lair:3   | Killed a death yak
 28589 | Lair:3   | Learned a level 5 spell: Fireball
 28598 | Lair:4   | Killed a death yak
 28599 | Lair:4   | Reached skill level 12 in Spellcasting
 29551 | Lair:5   | Reached XP level 13. HP: 73/76 MP: 17/31
 30041 | Lair:5   | Slain by a seven-headed hydra

Illustrated notes

Levels and vault maps discovered:
D:1:      wander_arrival_lonely_grave, layout_basic, basic_ecumenical_altar,
          serial_corexii_hall, corexii_hall_statues_u, corexii_hall_statues_x,
          corexii_hall_statues_i, chequers_hall_statues_wall_a
D:2:      layout_basic, minmay_misc_feat_encased, minmay_misc_feat_cross,
          hangedman_abyss_or_decor_lesser_grid, uniq_sigmund
D:3:      layout_basic, uniq_robin
D:4:      layout_cave_pods, serial_column_ruins, column_ruins_corridor_straight,
          column_ruins_grid_3, column_ruins_open_small, column_ruins_open_large,
          hangedman_decor_lopped
D:5:      layout_cave_pools, nicolae_shop_self_help
D:6:      layout_basic, minmay_temple_entry_waves, serial_shops,
          nicolae_shop_overgrown_old_shop, shop, nicolae_lakefront_shop,
          minivault_25
D:7:      layout_rooms, fedhas_altar_4, roderic_lattice_a
D:8:      layout_cave_pods
D:9:      layout_roguey, serial_corexii_hall, corexii_hall_statues_s,
          chequers_hall_statues_wall_a, chequers_serial_rivers_micro_b,
          uniq_erica, uniq_gastronok
D:10:     layout_cave_pools, due_lair_maze_entry_diamond,
          hangedman_decor_clover_reticule, uniq_erolcha
Temple:   regret_index_temple_sigil_plot
Lair:1:   layout_cellular_growth, amcnicky_mini_pool_medium, uniq_nergalle
Lair:2:   layout_regular_city, spider_nest_entry_webs, beast_lair_carwin_2
Lair:3:   layout_roguey, minmay_shoals_entry_hut, basic_altar,
          infiniplex_staircase_pool, lemuel_fruit_fields, grunt_megastairs_4
Lair:4:   minmay_guarded_unrand_snakebite, layout_hall_layers,
          portal_ice_cave_entry_ice_simulacra
Lair:5:   layout_long_grid

Skill      XL: |  1  2  3  4  5  6  7  8  9 10 11 12 13 |
---------------+----------------------------------------+-----
Spellcasting   | 4 5 6 7 9 10 12 | 12.2
Conjurations   | 5 6 7 8 9 10 11 | 11.0
Hexes          | 2 4 6 |  6.3
Translocations | 1 3 5 |  5.2
Fighting       | 4 6 |  6.8
Dodging        | 6 7 |  7.5
Air Magic      | 5 7 |  7.0
Summonings     | 3 4 |  4.1
Necromancy     | 3 |  3.2
Stealth        | 9 |  9.0
Ice Magic      | 3 7 |  7.2
Fire Magic     | 4 |  4.7

Action                   |  1- 3 |  4- 6 |  7- 9 | 10-12 | 13-15 || total
-------------------------+-------+-------+-------+-------+-------++-------
Melee: Dagger            |       |     3 |       |    11 |       ||    14
 Cast: Magic Dart        |   106 |   137 |    92 |   100 |     2 ||   437
       Searing Ray       |       |    13 |    42 |   106 |     1 ||   162
       Fulminant Prism   |       |     1 |    15 |    65 |     1 ||    82
       Iskenderun's Myst |       |       |     1 |    86 |     3 ||    90
       Lightning Bolt    |       |       |       |     5 |     2 ||     7
       Frozen Ramparts   |       |       |       |     9 |       ||     9
       Summon Lightning  |       |       |       |    11 |       ||    11
       Swiftness         |       |       |       |     3 |       ||     3
       Fireball          |       |       |       |     5 |     6 ||    11
       Foxfire           |       |       |       |     2 |       ||     2
Evoke: Wand              |       |       |     2 |     1 |       ||     3
  Use: Potion            |       |     4 |       |     7 |       ||    11
       Scroll            |       |       |     4 |    13 |       ||    17
Armor: Robe              |     1 |     2 |     7 |    41 |     4 ||    55
       Skin              |       |     9 |       |       |       ||     9
Dodge: Dodged            |     8 |     7 |    28 |   147 |     8 ||   198
